 Dungeon Crawl Stone Soup version 0.30.1-11-g7821555f0a (webtiles) character file.

Game seed: 7089523217710644930

129 Gumption the Grave Robber (level 5, 0/38 HPs)
             Began as a Human Necromancer on Dec 13, 2023.
             Slain by a lemure (6 damage)
             ... led by Pikel
             ... on level 4 of the Dungeon.
             The game lasted 00:22:51 (3280 turns).

Gumption the Grave Robber (Human Necromancer)       Turns: 3280, Time: 00:22:51

Health: 0/38       AC:  8    Str:  8    XL:     5   Next: 35%
Magic:  18/18      EV: 12    Int: 23    God:
Gold:   252        SH:  0    Dex: 17    Spells: 1/9 levels left

rFire   . . .        a - +2 whip "Decuu" {flame, rElec rN++ MP+9 Dex+3 SInv}
rCold   . . .        (no shield)
rNeg    + + .        q - +0 leather armour
rPois   .            x - +1 hat
rElec   +            (no cloak)
rCorr   .            (no gloves)
SInv    +            (no boots)
Will    .....        (no amulet)
Stlth   ++           c - +4 ring of protection
HPRegen 0.26/turn    n - +6 ring of intelligence
MPRegen 0.16/turn

%: no passive effects
@: no status effects
A: no striking features
a: no special abilities


You were on level 4 of the Dungeon.
You visited 1 branch of the dungeon, and saw 4 of its levels.

You collected 252 gold pieces.

Inventory:

Hand Weapons
 a - the +2 whip "Decuu" (weapon) {flame, rElec rN++ MP+9 Dex+3 SInv}
   (You found it on level 3 of the Dungeon)

   Dex:       It affects your dexterity (+3).
   rElec:     It insulates you from electricity.
   rN:        It greatly protects you from negative energy.
   MP:        It affects your magic capacity (+9).
   SInv:      It lets you see invisible.
 b - a +2 hand axe of electrocution
Armour
 g - a +0 ring mail
 q - a +0 leather armour (worn)
 x - a +1 hat (worn)
Jewellery
 c - a +4 ring of protection (left hand)
 n - a +6 ring of intelligence (right hand)
 p - a ring of flight
Wands
 z - a wand of digging (3)
Scrolls
 d - a scroll of poison {unknown}
 f - a scroll of teleportation
 h - a scroll of vulnerability {unknown}
 j - a scroll of immolation {unknown}
 r - a scroll of blinking {unknown}
 s - 2 scrolls of enchant armour {unknown}
 u - a scroll of fog {unknown}
 v - a scroll of brand weapon {unknown}
 y - a scroll of fear {unknown}
Potions
 e - 3 potions of curing
 i - a potion of mutation
 k - a potion of cancellation {unknown}
 l - a potion of lignification {unknown}
 m - a potion of degeneration {unknown}
 o - a potion of might {unknown}
 t - a potion of heal wounds {unknown}
 w - a potion of magic
 A - a potion of haste {unknown}


   Skills:
 + Level 1.8 Fighting
 - Level 2.0 Dodging
 + Level 3.0 Stealth
 + Level 2.7 Spellcasting
 * Level 5.0 Necromancy


You had one spell level left.
You knew the following spells:

 Your Spells              Type           Power      Damage    Failure   Level
a - Necrotise             Necr           100%       1d9       2%          1
b - Vampiric Draining     Necr           26%        2d7       7%          3
c - Animate Dead          Necr           26%        N/A       22%         4

Your spell library contained the following spells:

 Spells                   Type           Power      Damage    Failure   Level
 Agony                    Necr           26%        N/A       52%         5


Dungeon Overview and Level Annotations

Branches:
Dungeon (4/15)
 Temple: D:4-7

Altars:

Annotations:
D:4 3 runed translucent doors, exclusion: black bear, Crazy Yiuf; MrIGI's ghost, amateur HOFE


Message History

The lemure hits you.
You closely miss the lemure.
The lemure is heavily wounded.
The lemure closely misses you.
You hit the lemure. You burn the lemure.
The lemure is severely wounded.
The lemure barely misses you.
You hit the lemure. You burn the lemure.
The lemure is almost dead.
The lemure barely misses you. The lemure misses you.
You hit the lemure. You burn the lemure.
You kill the lemure!
That felt strangely unrewarding.
You closely miss the lemure. The lemure hits you.
You hit the lemure but do no damage. The lemure hits you.
* * * LOW HITPOINT WARNING * * *
You hit the lemure. You burn the lemure.
The lemure is lightly wounded.
The lemure hits you but does no damage.
You hit the lemure. You burn the lemure.
The lemure is lightly wounded.
The lemure misses you.
You barely miss the lemure.
The lemure is lightly wounded.
The lemure closely misses you.
You closely miss the lemure.
The lemure is lightly wounded.
The lemure closely misses you.
You closely miss the lemure.
The lemure is lightly wounded.
The lemure barely misses you.
You closely miss the lemure.
The lemure is lightly wounded.
The lemure hits you.
* * * LOW HITPOINT WARNING * * *
You hit the lemure. You burn the lemure.
You punch the lemure, but do no damage.
The lemure is moderately wounded.
The lemure hits you.
You die...

#.....# ### ♣♣##
#.....# #)..#♣♣
♣♣.#. #.....#
#...+.♣♣♣♣....
#.....#
#...#♣..♣.....
#.....# ###
♣♣♣.♣..#. #.....#
♣♣♣♣♣## #####.# #5#
##### ### #@# #...#
#.. #.### #...# ##.
#...#####.### ##
#.#...#...########
#.###.............
#.# ##.....#######
.............####.
..........#........
5......)..##....####


You could see a lemure.

Vanquished Creatures
  A lemure (D:4)
  An iguana (D:4)
  3 adders
  A worm (D:2)
  3 dart slugs
  7 bats
  6 endoplasms
  2 giant cockroaches (D:1)
  5 goblins
  5 hobgoblins
  4 jackals (D:1)
  2 quokkas (D:1)
  9 ball pythons
  4 frilled lizards
  9 kobolds
  6 rats
68 creatures vanquished.

Vanquished Creatures (collateral kills)
  A frilled lizard (D:2)
  A rat (D:1)
2 creatures vanquished.

Grand Total: 70 creatures vanquished

Notes
Turn   | Place    | Note
-------+----------+-------------------------------------------
     0 | D:1      | Gumption the Human Necromancer began the quest for the Orb.
     0 | D:1      | Reached XP level 1. HP: 13/13 MP: 3/3
   181 | D:1      | Reached XP level 2. HP: 20/20 MP: 3/5
   555 | D:1      | Reached XP level 3. HP: 25/25 MP: 0/6
   830 | D:1      | Reached skill level 1 in Fighting
   861 | D:1      | Learned a level 3 spell: Vampiric Draining
  1395 | D:2      | Reached XP level 4. HP: 31/32 MP: 0/7
  2456 | D:3      | Identified the +2 whip "Decuu" {flame, rElec rN++ MP+9
                  | Dex+3 SInv}
  2592 | D:3      | Learned a level 4 spell: Animate Dead
  2877 | D:4      | Reached XP level 5. HP: 38/38 MP: 9/9
  2944 | D:4      | Reached skill level 5 in Necromancy
  2994 | D:4      | Found a runed translucent door.
  2995 | D:4      | Noticed a black bear
  2999 | D:4      | Noticed MrIGI's ghost (amateur HOFE)
  2999 | D:4      | Noticed a bullfrog
  3108 | D:4      | Found a runed translucent door.
  3167 | D:4      | Found a runed translucent door.
  3168 | D:4      | Noticed Crazy Yiuf
  3226 | D:4      | Noticed a lemure
  3226 | D:4      | Noticed a lemure
  3271 | D:4      | Killed a lemure
  3280 | D:4      | Slain by a lemure

Illustrated notes

Levels and vault maps discovered:
D:1:      roderic_dead_forest, layout_loops_ring
D:2:      layout_basic, moated_statue, ebering_dispersal_statue_hall
D:3:      layout_loops_cross
D:4:      layout_rooms, ebering_ghost_sewer_f, minmay_between, uniq_pikel,
          uniq_crazy_yiuf_cottage

Skill      XL: |  1  2  3  4  5 |
---------------+----------------+-----
Fighting       | 1 |  1.8
Stealth        | 3 |  3.0
Necromancy     | 5 |  5.0
Dodging        | |  2.0
Spellcasting   | |  2.7

Action                     |  1- 3 |  4- 6 || total
---------------------------+-------+-------++-------
  Melee: Mace              |    17 |       ||    17
         Punch             |     1 |     1 ||     2
         Trident           |    12 |     8 ||    20
         Whip              |       |    32 ||    32
   Cast: Necrotise         |    52 |    48 ||   100
    Use: Scroll            |       |     3 ||     3
 Armour: Robe              |    14 |     2 ||    16
         Leather armour    |       |    15 ||    15
  Dodge: Dodged            |    47 |    26 ||    73
